 Dungeon Crawl Stone Soup version 0.31.0-11-ge490571c62 (webtiles) character file.

Game seed: 12106639329940177956

850 qw the Shooter (level 7, -4/35 HPs)
             Began as a Spriggan Hunter on Feb 4, 2024.
             Incinerated by a bombardier beetle (6 damage)
             ... with a burning spray
             ... on level 5 of the Dungeon.
             The game lasted 00:00:18 (3870 turns).

qw the Shooter (Spriggan Hunter)                    Turns: 3870, Time: 00:00:18

Health: -4/35      AC:  4    Str:  7    XL:     7   Next: 69%
Magic:  8/8        EV: 22    Int: 11    God:
Gold:   104        SH:  0    Dex: 20    Spells: 6/6 levels left

rFire   . . .        a - +0 shortbow
rCold   + . .        (shield currently unavailable)
rNeg    + . .        c - +0 robe
rPois   .            (helmet restricted)
rElec   .            g - +1 cloak
rCorr   .            (gloves unavailable)
SInv    +            (boots unavailable)
Will    +....        r - amulet of regeneration
Stlth   +            i - ring of protection from cold
HPRegen 1.05/turn    b - ring of positive energy
MPRegen 0.11/turn

%: no passive effects
@: on fire, glowing, very quick
A: very small, no large weapons, unfitting armour, see invisible, speed 3
a: no special abilities


You were on level 5 of the Dungeon.
You visited 2 branches of the dungeon, and saw 6 of its levels.

You collected 149 gold pieces.
You spent 45 gold pieces at shops.


Innate Abilities, Weirdness & Mutations

You are very small and have problems with some larger weapons.
You are too small for most types of armour.
You have supernaturally acute eyesight. (SInv)
You cover ground extremely quickly. (Speed+++)


   Skills:
 - Level 2.1 Fighting
 + Level 7.8 Ranged Weapons
 - Level 7.4 Dodging
 - Level 1.5 Stealth


You had 6 spell levels left.
You didn't know any spells.
Your spell library was empty.

Inventory:

Hand Weapons
 a - a +0 shortbow (weapon)
Armour
 c - a +0 robe (worn)
 g - a +1 cloak (worn)
Jewellery
 b - a ring of positive energy (right hand)
 i - a ring of protection from cold (left hand)
 r - an amulet of regeneration (around neck)
Wands
 p - a wand of polymorph (7)
Scrolls
 k - 4 scrolls of teleportation
 l - 3 scrolls of poison {unknown}
Potions
 d - a potion of heal wounds
 e - 2 potions of curing
 f - a potion of resistance
 h - a potion of enlightenment {unknown}
 j - a potion of berserk rage {unknown}
 q - a potion of lignification {unknown}

Dungeon Overview and Level Annotations

Branches:
Dungeon (5/15)             Temple (1/1) D:4

Altars:
Ashenzari
Cheibriados
Dithmenos
Elyvilon
Gozag
Hepliaklqana
Makhleb
Nemelex Xobeh
Ru
Trog
Vehumet
Xom

Shops:
D:3 [!([:

Annotations:
D:2 1 runed translucent door, Crazy Yiuf


Message History

The bombardier beetle sprays incendiary fluid at you.
The burning spray hits you.
You are covered in liquid fire!
You shoot an arrow.
The arrow hits the bombardier beetle but does no damage.
The bombardier beetle is heavily wounded.
The liquid fire burns you!
You shoot an arrow.
The arrow barely misses the bombardier beetle.
The liquid fire burns you! The bombardier beetle bites you.
You shoot an arrow.
The arrow hits the bombardier beetle but does no damage.
The bombardier beetle is heavily wounded.
The liquid fire burns you!
The bombardier beetle barely misses you.
You shoot an arrow.
The arrow hits the bombardier beetle but does no damage.
The bombardier beetle is heavily wounded.
The liquid fire burns you!
You shoot an arrow. The arrow hits the bombardier beetle.
The bombardier beetle is severely wounded.
The liquid fire burns you!
The bombardier beetle completely misses you.
You shoot an arrow.
The arrow hits the bombardier beetle but does no damage.
The bombardier beetle is severely wounded.
The liquid fire burns you!
You shoot an arrow. The arrow hits the bombardier beetle.
The bombardier beetle is almost dead.
The liquid fire burns you!
The bombardier beetle barely misses you.
You shoot an arrow. The arrow hits the bombardier beetle!
You kill the bombardier beetle!
The liquid fire burns you!
You are on fire!
The liquid fire burns you!
You are on fire!
The liquid fire burns you!
You die...

##### # ## #..... .. .# #.#
#..# .# ####### #####
#.###..###.#
......###...###.#......#.#
.####.##.#........#..#.#.##
.####.#.##.##.#.###...)"..#
.##.(......##.#.@.........#
.##.#.#[#####.#####.##.##.#
.##.#.##.# .## #.##.##.#
..>...# #.. # #.......#
###..## ####### #.......#
##.# #.....# ####.#### #.#
#.....# #.# #.# #.....#
###.# #.# #.....#####...#


There were no monsters in sight!

Vanquished Creatures
  2 ogres (D:5)
  2 scorpions (D:5)
  2 howler monkeys (D:5)
  2 bombardier beetles
  2 jellies (D:5)
  A hound (D:5)
  2 iguanas (D:5)
  An orc wizard (D:4)
  Robin (D:2)
  3 adders
  11 gnolls
  2 white imps (D:5)
  A dart slug (D:4)
  A ribbon worm (D:2)
  13 orcs
  2 bats
  An endoplasm (D:1)
  2 giant cockroaches (D:1)
  10 hobgoblins
  4 jackals (D:4)
  6 kobolds
  2 ball pythons
  5 frilled lizards
  14 goblins
  4 rats
96 creatures vanquished.

Notes
Turn   | Place    | Note
-------+----------+-------------------------------------------
     0 | D:1      | qw the Spriggan Hunter began the quest for the Orb.
     0 | D:1      | Reached XP level 1. HP: 10/10 MP: 2/2
     0 | D:1      | 0 ||| qw: Version: 0.3-a-160-g6735b56
     0 | D:1      | 0 ||| qw: Game counter: 4572
     0 | D:1      | 0 ||| qw: Melee chars always use a shield: true
     0 | D:1      | 0 ||| qw: God list: Okawaru
     0 | D:1      | 0 ||| qw: Allow faded altars: false
     0 | D:1      | 0 ||| qw: Do Orc after clearing Dungeon:15 true
     0 | D:1      | 0 ||| qw: Do second Lair branch before Depths: true
     0 | D:1      | 0 ||| qw: Lair rune preference: random
     0 | D:1      | 0 ||| qw: Goals: Normal
     0 | D:1      | 0 ||| PLANNING D:1-11
    61 | D:1      | Reached skill level 3 in Dodging
   109 | D:1      | Reached XP level 2. HP: 14/14 MP: 3/3
   186 | D:1      | Found a faded altar of an unknown god.
   574 | D:1      | 574 ||| READING 2 scrolls labelled XOYQUMMIDI.
   578 | D:1      | 578 ||| DROPPING scroll of butterflies.
   764 | D:2      | Reached XP level 3. HP: 18/18 MP: 4/4
   808 | D:2      | Noticed Robin
   820 | D:2      | Killed Robin
   827 | D:2      | HP: 2/18 [goblin/+0 club[Robin] (4)]
   828 | D:2      | 828 ||| READING scroll of teleportation.
   941 | D:2      | 941 ||| FLEEEEING.
   942 | D:2      | 942 ||| FLEEEEING.
   943 | D:2      | 943 ||| FLEEEEING.
   944 | D:2      | 944 ||| FLEEEEING.
   945 | D:2      | 945 ||| FLEEEEING.
   946 | D:2      | 946 ||| FLEEEEING.
   947 | D:2      | 947 ||| FLEEEEING.
   948 | D:2      | 948 ||| FLEEEEING.
   949 | D:2      | 949 ||| FLEEEEING.
   951 | D:2      | 951 ||| FLEEEEING.
   952 | D:2      | 952 ||| FLEEEEING.
  1245 | D:2      | Found a runed translucent door.
  1246 | D:2      | Noticed Crazy Yiuf
  1333 | D:2      | 1333 ||| READING scroll labelled POYWNE RIER.
  1334 | D:2      | 1334 ||| READING 2 scrolls labelled MUGUVU WYREI.
  1334 | D:2      | 1334 ||| IDENTIFYING bubbling black potion
  1335 | D:2      | 1335 ||| READING scroll of identify.
  1335 | D:2      | 1335 ||| IDENTIFYING coppery potion
  1336 | D:2      | 1336 ||| READING scroll labelled JICLUT YNAUT.
  1437 | D:2      | 1437 ||| DRINKING 2 clear potions.
  1438 | D:2      | 1438 ||| DROPPING potion of invisibility.
  1467 | D:3      | Reached XP level 4. HP: 22/22 MP: 5/5
  1472 | D:3      | Found Kiemem's Book Shoppe.
  1579 | D:3      | Found Hiatah's Antique Armour Shoppe.
  1589 | D:3      | Found Nojiceoh's Armour Shop.
  1597 | D:3      | 1597 ||| BUYING +0 cloak (45 gold).
  1597 | D:3      | Bought a +0 cloak for 45 gold pieces
  1617 | D:3      | Found Reubry's Distillery.
  1627 | D:3      | 1627 ||| SHOPLISTING potion of curing (42 gold, have 18).
  1627 | D:3      | 1627 ||| SHOPLISTING potion of enlightenment (70 gold, have
                  | 18).
  1627 | D:3      | 1627 ||| SHOPLISTING potion of heal wounds (70 gold, have
                  | 18).
  1627 | D:3      | 1627 ||| SHOPLISTING potion of mutation (112 gold, have
                  | 18).
  1676 | D:3      | Found Tyl Etia's Antique Weapon Shoppe.
  1686 | D:3      | 1686 ||| SHOPLISTING orcbow (108 gold, have 18).
  2101 | D:3      | 2101 ||| UPGRADING to +0 cloak.
  2106 | D:3      | 2106 ||| UPGRADING to ring of protection from cold.
  2107 | D:3      | 2107 ||| READING 3 scrolls labelled CEASOTI KARE.
  2108 | D:3      | 2108 ||| DROPPING 2 scrolls of revelation.
  2159 | D:4      | Found an opulent altar of Gozag.
  2289 | D:4      | Reached XP level 5. HP: 26/26 MP: 6/6
  2761 | D:4      | Found a staircase to the Ecumenical Temple.
  2762 | D:4      | 2762 ||| PLANNING TEMPLE
  2762 | D:4      | 2762 ||| UPGRADING to amulet of regeneration.
  2767 | D:4      | 2767 ||| UPGRADING to ring of positive energy.
  2768 | D:4      | 2768 ||| READING scroll of identify.
  2768 | D:4      | 2768 ||| IDENTIFYING brown potion
  2769 | D:4      | 2769 ||| READING scroll labelled YSOUPO OCYN.
  2870 | D:4      | 2870 ||| READING scroll labelled CACUAD HYPHUET.
  2871 | D:4      | 2871 ||| READING scroll labelled RADDEAS NEAPPEXYI.
  2871 | D:4      | 2871 ||| ENCHANTING +0 cloak.
  2880 | Temple   | Entered the Ecumenical Temple
  2881 | Temple   | 2881 ||| PLANNING D:1-11
  2980 | D:4      | Found a sparkling altar of Nemelex Xobeh.
  3098 | D:4      | Found a white marble altar of Elyvilon.
  3107 | D:4      | Found a sacrificial altar of Ru.
  3301 | D:5      | Entered Level 5 of the Dungeon
  3313 | D:5      | HP: 6/26 [white imp (2)]
  3314 | D:5      | 3314 ||| READING 2 scrolls of teleportation.
  3316 | D:5      | Reached XP level 6. HP: 3/30 MP: 7/7
  3316 | D:5      | 3316 ||| DRINKING 2 potions of heal wounds.
  3371 | D:5      | Reached skill level 6 in Ranged Weapons
  3397 | D:5      | Reached skill level 6 in Dodging
  3418 | D:5      | 3418 ||| FLEEEEING.
  3419 | D:5      | 3419 ||| FLEEEEING.
  3468 | D:5      | Reached XP level 7. HP: 35/35 MP: 8/8
  3550 | D:5      | HP: 3/35 [ogre/+0 giant club (32)]
  3551 | D:5      | 3551 ||| READING scroll of teleportation.
  3552 | D:5      | 3552 ||| DRINKING 2 potions of heal wounds.
  3868 | D:5      | HP: 6/35 [burnt (5)]
  3869 | D:5      | HP: 1/35 [burnt (6)]
  3870 | D:5      | Incinerated by a bombardier beetle

Levels and vault maps discovered:
D:1:      kennysheep_arrival_seaside, layout_basic, basic_ecumenical_altar
D:2:      layout_loops_ring, uniq_crazy_yiuf_cottage, uniq_robin
D:3:      layout_basic, serial_shops, shop, shop, nicolae_shop_hallway_plus,
          nicolae_shop_industrial_runoff, shop, chequers_big_river
D:4:      layout_loops_ring, nicolae_gozag_seed_capital,
          nemelex_diamond_rough_becter, mainiacjoe_overflow_swirl,
          lemuel_temple_firewalk_b
D:5:      layout_loops_cross
Temple:   pf_temple_reverse_labyrinth

Skill      XL: |  1  2  3  4  5  6  7 |
---------------+----------------------+-----
Dodging        | 3 4 5 6 7 |  7.4
Ranged Weapons | 5 7 |  7.8
Fighting       | 2 |  2.1
Stealth        | |  1.5

Action                     |  1- 3 |  4- 6 |  7- 9 || total
---------------------------+-------+-------+-------++-------
   Fire: Shortbow          |   112 |   192 |    80 ||   384
    Use: Scroll            |     6 |     6 |     1 ||    13
         Potion            |     1 |     1 |     1 ||     3
 Armour: Robe              |    14 |    20 |     6 ||    40
  Dodge: Dodged            |    37 |    78 |    42 ||   157

Table legend:
 A = Non-vault XP
 B = Vault XP
 C = Vault XP percentage of total XP
 D = Non-vault monster count
 E = Vault monster count
 F = Vault count percentage of total count
                 A         B        C        D         E       F
            +---------+---------+-------+---------+---------+-------
      Total |    1182 |      33 |   2.7 |      86 |      10 |  10.4
            +---------+---------+-------+---------+---------+-------
        D:1 |      28 |       0 |   0.0 |      18 |       0 |   0.0
        D:2 |      35 |      33 |  48.5 |      11 |      10 |  47.6
        D:3 |      38 |       0 |   0.0 |       9 |       0 |   0.0
        D:4 |     233 |       0 |   0.0 |      27 |       0 |   0.0
        D:5 |     848 |       0 |   0.0 |      21 |       0 |   0.0
            +---------+---------+-------+---------+---------+-------
